 Dungeon Crawl Stone Soup version 0.29.1-1-gd02db6906a (webtiles) character file.

Game seed: 14971962426310139177

1258 xian the Covert (level 8, -10/50 HPs)
             Began as an Octopode Enchanter on Oct 19, 2022.
             Shot with an arrow by a centaur (15 damage)
             ... on level 6 of the Dungeon.
             The game lasted 00:15:06 (5815 turns).

xian the Covert (Octopode Enchanter)                Turns: 5815, Time: 00:15:10

Health: -10/50     AC:  1    Str: 10    XL:     8   Next: 51%
Magic:  0/13       EV: 13    Int: 17    God:
Gold:   360        SH:  4    Dex: 12    Spells: 5/13 levels left

rFire   . . .      SeeInvis .   a - +1 dagger
rCold   . . .      Faith    .   r - +0 buckler
rNeg    . . .      Spirit   +   (helmet restricted)
rPois   .          Reflect  .   u - amulet of guardian spirit
rElec   .          Harm     .   i - ring of resist corrosion
rCorr   +          Rampage  .   (no ring)
Will    .....                   (no ring)
Stlth   +++++.....              (no ring)
HPRegen 0.16/turn               (no ring)
MPRegen 0.13/turn               (no ring)
                                (no ring)
                                (no ring)

@: no status effects
A: almost no armour, amphibious, 8 rings, camouflage 1, gelatinous body 1,
(nimble swimmer 1), tentacles
a: no special abilities


You were on level 6 of the Dungeon.
You visited 1 branch of the dungeon, and saw 6 of its levels.

You collected 360 gold pieces.

Inventory:

Hand Weapons
 a - a +1 dagger (weapon)
Missiles
 p - 4 boomerangs (quivered)
Armour
 r - a +0 buckler (worn)
Magical Staves
 y - a staff of air
Jewellery
 i - a ring of resist corrosion (left tentacle)
 u - an amulet of guardian spirit (around mantle)
Wands
 k - a wand of flame (21)
 w - a wand of roots (5)
Scrolls
 e - 3 scrolls of teleportation {unknown}
 g - 3 scrolls of magic mapping {unknown}
 l - a scroll of immolation
 o - a scroll of amnesia
 s - a scroll of brand weapon
 t - 2 scrolls of poison {unknown}
Potions
 b - 2 potions of invisibility
 c - a potion of ambrosia {unknown}
 d - a potion of heal wounds
 f - a potion of attraction {unknown}
 h - 2 potions of lignification {unknown}
 j - 4 potions of berserk rage {unknown}
 m - 3 potions of flight {unknown}
 q - a potion of haste {unknown}
 v - a potion of curing {unknown}
 z - a potion of cancellation {unknown}


   Skills:
 + Level 2.2 Fighting
 + Level 3.6 Short Blades
 + Level 0.9 Throwing
 + Level 3.5 Dodging
 + Level 9.3 Stealth
 + Level 1.9 Shields
 + Level 3.4 Spellcasting
 + Level 4.4 Hexes
 + Level 2.3 Ice Magic


You had 5 spell levels left.
You knew the following spells:

 Your Spells              Type           Power      Damage    Failure   Level
a - Ensorcelled Hibernat  Hex/Ice        28%        N/A       9%          2
b - Confusing Touch       Hex            18%        N/A       11%         3
c - Tukima's Dance        Hex            18%        N/A       11%         3

Your spell library contained the following spells:

 Spells                   Type           Power      Damage    Failure   Level
 Magic Dart               Conj           8%         1d3       22%         1
 Dazzling Flash           Conj/Hex       20%        N/A       26%         3
 Searing Ray              Conj           4%         2d4       32%         2
 Fulminant Prism          Conj/Hex       5%         3d7       65%         4


Dungeon Overview and Level Annotations

Branches:
Dungeon (6/15)
 Temple: D:4-7

Altars:
The Shining One

Shops:
D:2 (


Innate Abilities, Weirdness & Mutations

You cannot wear most types of armour.
You are amphibious.
You can wear up to eight rings at the same time.
Your skin changes colour to match your surroundings (Stealth+).
Your rubbery body absorbs attacks. (AC +1, EV +1)
((You are camouflaged when in or above water. (Stealth+)))
You have tentacles for arms and can constrict up to eight enemies at once.


Message History

You completely miss the centaur.
The centaur is moderately wounded.
A centaur comes into view.
The centaur barely misses you. The centaur kicks you.
A gnoll comes into view. It is wielding a +0 club.
You barely miss the centaur.
The centaur is lightly wounded.
The centaur barely misses you. x2; The centaur wields a +3 shortbow.
The centaur shoots an arrow.
The arrow hits you! The centaur barely misses you.
The centaur closely misses you.
You hit the centaur.
The centaur is moderately wounded.
The centaur shoots an arrow.
The arrow hits you! You block the centaur's attack.
The centaur closely misses you.
The centaur shoots an arrow.
The arrow closely misses you.
The centaur wields a +0 shortbow.
The centaur shoots an arrow.
The arrow hits you!
* * * LOW HITPOINT WARNING * * *
The centaur shoots an arrow.
The arrow closely misses you.
The centaur shoots an arrow.
You block the arrow.
The centaur shoots an arrow.
The arrow hits you.
* * * LOW HITPOINT WARNING * * *
The centaur shoots an arrow.
The arrow completely misses you.
The centaur shoots an arrow.
The arrow closely misses you.
The centaur shoots an arrow.
You block the arrow.
As you read the scroll of summoning, it crumbles to dust.
Wisps of shadow whirl around you...
The centaur shoots an arrow.
The arrow barely misses you.
The gnoll sergeant closely misses your bullfrog.
The centaur shoots an arrow.
The arrow closely misses you.
Found a scroll of noise.
The centaur shoots an arrow.
The arrow hits your bullfrog.
Your bullfrog hits the gnoll sergeant.
The gnoll sergeant closely misses your bullfrog.
You swap places.
Found 16 gold pieces.
Your bullfrog hits the gnoll sergeant!
The centaur shoots an arrow.
The arrow hits your scorpion!
The gnoll sergeant hits your bullfrog with a +0 spear.
Your scorpion stings the gnoll sergeant but does no damage.
The centaur shoots an arrow.
The arrow barely misses your scorpion. The arrow hits you!!
You die...

##.##...##......
##
#......).......
#?.
#.##...##.####.
$..# #.###.###.#
....# #.# ### #.#
.....# #.# #.#
......####.# #.#
........##.# #.#
#@##.# .# #.##.#
. #s##.#
....####c##.#####
........F.......#
##.....gs...###.#
#.g.g.#.#.##
#.###.#c.... #
#.#...###


You could see a gnoll sergeant (ally target), 2 centaurs, a friendly bullfrog
(summoned) and 2 friendly scorpions.

Vanquished Creatures
  An orc warrior (D:5)
  2 ogres (D:5)
  2 phantoms (D:5)
  2 scorpions
  4 necrophages
  A howler monkey (D:4)
  3 hounds (D:5)
  2 orc priests (D:3)
  4 iguanas
  An orc wizard (D:3)
  Robin (D:2)
  6 adders
  A white imp (D:6)
  An ufetubus (D:4)
  4 worms
  3 dart slugs
  5 orcs
  5 endoplasms
  A giant cockroach (D:1)
  10 goblins
  12 hobgoblins
  7 kobolds
  A quokka (D:1)
  5 ball pythons
  5 bats
  4 frilled lizards
  9 rats
102 creatures vanquished.

Notes
Turn   | Place    | Note
-------+----------+-------------------------------------------
     0 | D:1      | xian the Octopode Enchanter began the quest for the Orb.
     0 | D:1      | Reached XP level 1. HP: 11/11 MP: 3/3
   269 | D:1      | Reached XP level 2. HP: 17/17 MP: 5/5
   387 | D:1      | Learned a level 2 spell: Ensorcelled Hibernation
   707 | D:1      | Found a faded altar of an unknown god.
  1088 | D:2      | Noticed a necrophage
  1096 | D:2      | Killed a necrophage
  1097 | D:2      | Reached skill level 5 in Stealth
  1097 | D:2      | Reached XP level 3. HP: 21/21 MP: 6/6
  1097 | D:2      | Reached XP level 4. HP: 27/27 MP: 7/7
  1169 | D:2      | Noticed Robin
  1446 | D:2      | Killed Robin
  1447 | D:2      | Reached XP level 5. HP: 10/31 MP: 1/8
  1659 | D:2      | Learned a level 3 spell: Confusing Touch
  1663 | D:2      | Learned a level 3 spell: Tukima's Dance
  1679 | D:2      | Found Nuecil's Weapon Shoppe.
  2168 | D:3      | Reached skill level 6 in Stealth
  2678 | D:3      | Reached XP level 6. HP: 32/37 MP: 0/9
  3042 | D:3      | Reached skill level 1 in Ice Magic
  3599 | D:4      | Reached skill level 7 in Stealth
  3963 | D:5      | Entered Level 5 of the Dungeon
  4013 | D:5      | HP: 1/37 [phantom (5)]
  4120 | D:5      | Reached skill level 1 in Fighting
  4120 | D:5      | Reached XP level 7. HP: 3/43 MP: 5/11
  4176 | D:4      | HP: 2/40 [necrophage (2)]
  4203 | D:5      | Reached skill level 8 in Stealth
  4377 | D:5      | Found a glowing golden altar of the Shining One.
  4564 | D:5      | Reached skill level 1 in Shields
  5303 | D:5      | Reached XP level 8. HP: 50/50 MP: 12/12
  5496 | D:5      | Reached skill level 9 in Stealth
  5815 | D:6      | Shot with an arrow by a centaur

Illustrated notes

Levels and vault maps discovered:
D:1:      lightli_arrival_boilingwater, layout_basic,
          shapermc_ecumenical_altar_pompeii
D:2:      layout_rooms, serial_shops, shop_fountains, uniq_robin
D:3:      layout_loops_ring, fountainhead
D:4:      layout_loops_ring, hangedman_decor_riveting
D:5:      layout_basic, tso_metal_star, kennysheep_generic_room_4
D:6:      layout_loops_ring

Skill      XL: |  1  2  3  4  5  6  7  8 |
---------------+-------------------------+-----
Stealth        | 5 6 7 8 9 |  9.3
Short Blades   | 2 3 |  3.6
Ice Magic      | 1 2 |  2.3
Hexes          | 4 |  4.4
Fighting       | 1 2 |  2.2
Shields        | 1 |  1.9
Spellcasting   | 3 |  3.4
Dodging        | 3 |  3.5
Throwing       | |  0.9

Action                   |  1- 3 |  4- 6 |  7- 9 || total
-------------------------+-------+-------+-------++-------
Melee: Dagger            |    38 |   122 |    84 ||   244
       Constrict         |     7 |    24 |     6 ||    37
       Tentacles         |     3 |    22 |    12 ||    37
       Punch             |       |     1 |       ||     1
Throw: Boomerang         |       |     6 |     4 ||    10
 Cast: Ensorcelled Hiber |     2 |    12 |    17 ||    31
Evoke: Wand              |       |       |     1 ||     1
  Use: Potion            |       |     1 |     2 ||     3
       Scroll            |       |     2 |     6 ||     8
 Stab: Sleeping          |    10 |    25 |    15 ||    50
Armor: Skin              |     4 |     4 |     3 ||    11
Dodge: Dodged            |    13 |    57 |    66 ||   136
Block: Buckler           |       |    10 |    19 ||    29
